 Dungeon Crawl Stone Soup version 0.31-a0-167-g1c394c0614 (webtiles) character file.

Game seed: 4754536131945241467

1969 qw the Skirmisher (level 9, -2/82 HPs)
             Began as a Naga Hunter on June 14, 2023.
             Slain by an orc priest
             ... wielding a +1 trident of venom
              (3 damage)
             ... on level 7 of the Dungeon.
             The game lasted 00:01:49 (5168 turns).

qw the Skirmisher (Naga Hunter)                     Turns: 5168, Time: 00:01:50

Health: -2/82      AC: 10    Str: 12 (14) XL:     9   Next: 20%
Magic:  9/9        EV: 10    Int: 10      God:
Gold:   204        SH:  0    Dex: 15 (18) Spells: 8/8 levels left

rFire   . . .        Y - +1 orcbow (flame)
rCold   . . .        (shield currently unavailable)
rNeg    . . .        c - +0 leather armour
rPois   +            f - +0 helmet
rElec   .            j - +0 cloak
rCorr   .            (no gloves)
SInv    +            (no barding)
Will    +....        (no amulet)
Stlth   ++           e - +4 ring of protection
HPRegen 0.33/turn    (no ring)
MPRegen 0.11/turn

%: no passive effects
@: lethally poisoned (-2 -> -3), about to teleport, short of breath, very slow
A: AC +3, large, see invisible, deformed body, poison resistance, slowness 2,
spit poison 1, naga tail 1
a: Spit Poison


You were on level 7 of the Dungeon.
You visited 1 branch of the dungeon, and saw 7 of its levels.

You collected 347 gold pieces.
You spent 143 gold pieces at shops.


Innate Abilities, Weirdness & Mutations

Your serpentine skin is tough. (AC +3)
You have supernaturally acute eyesight. (SInv)
Armour fits poorly on your strangely shaped body.
Your system is resistant to poisons. (rPois)
You cover ground very slowly.
You can spit poison.
You have a snake-like lower body.


   Skills:
 - Level 6.1 Fighting
 + Level 9.6 Ranged Weapons
 - Level 1.5 Armour
 - Level 2.2 Dodging
 - Level 1.5 Stealth


You had 8 spell levels left.
You didn't know any spells.
Your spell library was empty.

Inventory:

Hand Weapons
 Y - a +1 orcbow of flaming (weapon)
Armour
 c - a +0 leather armour (worn)
 f - a +0 helmet (worn)
 j - a +0 cloak (worn)
Jewellery
 e - a +4 ring of protection (left hand)
 n - a ring of fire
Scrolls
 a - a scroll of teleportation
 b - 2 scrolls of identify
Potions
 d - 3 potions of mutation
 g - a potion of haste
 h - 2 potions of heal wounds
 i - 2 potions of curing
 k - a potion of cancellation
 l - a potion of attraction {unknown}
 m - a potion of resistance {unknown}
 o - a potion of lignification
 p - a potion of invisibility {unknown}

Dungeon Overview and Level Annotations

Branches:
Dungeon (7/15)
 Temple: D:4-7

Altars:
Ashenzari
Elyvilon
Gozag
Hepliaklqana
Uskayaw
Wu Jian
Zin
The Shining One

Shops:
D:4 !


Message History

The orc wizard is severely wounded.
You have got your breath back.
You feel sick.
The gnoll sergeant looks more healthy.
The orc wizard hits the plant with a +0 dagger.
The plant begins to die.
The orc wizard hits you with a +0 dagger.
The gnoll misses you.
The orc priest invokes the aid of Beogh against you.
Pain shoots through your body!
The gnoll sergeant hits you from afar with a +0 spear.
5165 ||| INVOKING Spit Poison.
Aiming: Spit Poison (1% risk of failure)
Press: ? - help, Shift-Dir - straight line, f/p - orc wizard The splash of poison hits the orc wizard!
The orc wizard is severely wounded.
You feel sick.
The orc wizard completely misses the plant.
The gnoll barely misses you. The orc priest completely misses you.
The gnoll sergeant splashes around in the water.
You shoot an arrow. The arrow hits the orc wizard!
The arrow burns the orc wizard.
You kill the orc wizard!
You feel sick. The gnoll misses you. The orc closely misses you.
The orc priest misses you.
The gnoll sergeant hits you from afar with a +0 spear.
You shoot an arrow. The arrow hits the orc wizard!
The arrow burns the orc wizard.
You kill the orc wizard!
You feel sick.
A nearby plant withers and dies.
The gnoll hits you from afar with a +0 halberd!
The orc misses you. The orc priest barely misses you.
The gnoll sergeant closely misses you.
5168 ||| READING 2 scrolls of teleportation.
As you read the scroll of teleportation, it crumbles to dust.
You feel strangely unstable.
You feel sick.
The gnoll hits you from afar with a +0 halberd!
The orc hits you but does no damage.
The orc priest hits you from afar with a +1 trident of venom.
You die...

#....######~~~~7~~~.
..........~.~77P7~~~...
........##~P7PPPP~~~~~..
......#..~.7~P~~PP7~P~..
...######~P~~~#PPP~~P~..
#### #~P~~PP.##~.7)~..
##PP7~.....o~~~~..
#.PPP~PP...))g~7...
#.PPP~PP.#.@o~~~~..
#.P~~~P..#.>#g~~..#
#.PPPP#.###.# ~~~.#
....#.#.# #.# #..#
#...#.#.# #.# .# ..#
#.#.# #.# # #. #.# #.
#.#


You could see a gnoll sergeant, an orc priest, a gnoll and an orc.

Vanquished Creatures
  Grinder (D:6)
  Edmund (D:4)
  An orc warrior (D:6)
  3 black bears
  4 ogres
  A centaur (D:6)
  A phantom (D:7)
  2 scorpions
  An electric eel (D:7)
  2 hounds
  2 orc priests (D:3)
  A jelly (D:4)
  Jessica (D:2)
  4 iguanas
  Ijyb (D:5)
  Terence (D:2)
  5 orc wizards
  4 gnolls (D:7)
  10 adders
  A white imp (D:5)
  An ufetubus (D:5)
  14 orcs
  2 endoplasms
  3 giant cockroaches
  10 hobgoblins
  3 jackals (D:4)
  3 kobolds
  5 quokkas
  3 ball pythons
  6 bats
  2 frilled lizards
  10 goblins
  5 rats
114 creatures vanquished.

Notes
Turn   | Place    | Note
-------+----------+-------------------------------------------
     0 | D:1      | qw the Naga Hunter began the quest for the Orb.
     0 | D:1      | Reached XP level 1. HP: 19/19 MP: 1/1
     0 | D:1      | 0 ||| qw: Version: 0.2-a-29-g1fa15c8
     0 | D:1      | 0 ||| qw: Game counter: 5081
     0 | D:1      | 0 ||| qw: Always use a shield: true
     0 | D:1      | 0 ||| qw: God list: Okawaru
     0 | D:1      | 0 ||| qw: Allow faded altars: false
     0 | D:1      | 0 ||| qw: Do Orc after D:15 true
     0 | D:1      | 0 ||| qw: Do second Lair branch before Depths: true
     0 | D:1      | 0 ||| qw: Lair rune preference: random
     0 | D:1      | 0 ||| qw: Plans: Normal
     0 | D:1      | 0 ||| PLANNING D:1-11
    16 | D:1      | 16 ||| INVOKING Spit Poison.
    47 | D:1      | 47 ||| INVOKING Spit Poison.
    51 | D:1      | 51 ||| INVOKING Spit Poison.
   149 | D:1      | 149 ||| INVOKING Spit Poison.
   153 | D:1      | 153 ||| INVOKING Spit Poison.
   275 | D:1      | 275 ||| INVOKING Spit Poison.
   276 | D:1      | Reached skill level 4 in Ranged Weapons
   276 | D:1      | Reached XP level 2. HP: 26/26 MP: 2/2
   287 | D:1      | 287 ||| INVOKING Spit Poison.
   309 | D:1      | 309 ||| INVOKING Spit Poison.
   472 | D:1      | 472 ||| INVOKING Spit Poison.
   840 | D:1      | 840 ||| UPGRADING to +0 cloak.
   845 | D:1      | 845 ||| UPGRADING to +4 ring of protection.
   846 | D:1      | 846 ||| READING scroll labelled XEABBE CIENE.
   846 | D:1      | Identified a scroll of acquirement
   846 | D:1      | 846 ||| ACQUIRING +0 orcbow of flaming
   846 | D:1      | Acquired a +0 orcbow of flaming
   848 | D:1      | 848 ||| UPGRADING to +0 orcbow of flaming.
   849 | D:1      | 849 ||| DROPPING +0 shortbow.
   850 | D:1      | 850 ||| DRINKING 3 ruby potions.
   851 | D:1      | 851 ||| DROPPING scroll of butterflies.
   874 | D:2      | 874 ||| INVOKING Spit Poison.
   879 | D:2      | 879 ||| INVOKING Spit Poison.
   883 | D:2      | Noticed Jessica
   884 | D:2      | 884 ||| INVOKING Spit Poison.
   888 | D:2      | 888 ||| INVOKING Spit Poison.
   888 | D:2      | Killed Jessica
   889 | D:2      | Reached XP level 3. HP: 32/32 MP: 3/3
   938 | D:2      | 938 ||| INVOKING Spit Poison.
   940 | D:2      | Reached skill level 5 in Ranged Weapons
   940 | D:2      | Reached XP level 4. HP: 39/39 MP: 4/4
   941 | D:2      | 941 ||| INVOKING Spit Poison.
   942 | D:2      | 942 ||| INVOKING Spit Poison.
   954 | D:2      | 954 ||| INVOKING Spit Poison.
   957 | D:2      | 957 ||| INVOKING Spit Poison.
   991 | D:2      | 991 ||| INVOKING Spit Poison.
  1019 | D:2      | Found a faded altar of an unknown god.
  1113 | D:2      | Noticed Terence
  1114 | D:2      | 1114 ||| INVOKING Spit Poison.
  1116 | D:2      | Killed Terence
  1119 | D:2      | 1119 ||| INVOKING Spit Poison.
  1145 | D:2      | 1145 ||| INVOKING Spit Poison.
  1153 | D:2      | 1153 ||| INVOKING Spit Poison.
  1156 | D:2      | 1156 ||| INVOKING Spit Poison.
  1159 | D:2      | 1159 ||| INVOKING Spit Poison.
  1163 | D:2      | 1163 ||| INVOKING Spit Poison.
  1167 | D:2      | 1167 ||| INVOKING Spit Poison.
  1168 | D:2      | Reached skill level 3 in Fighting
  1229 | D:2      | Reached XP level 5. HP: 49/49 MP: 5/5
  1235 | D:2      | 1235 ||| INVOKING Spit Poison.
  1266 | D:2      | 1266 ||| INVOKING Spit Poison.
  1397 | D:2      | 1397 ||| READING 2 scrolls labelled NAULIA PIOTT.
  1418 | D:3      | 1418 ||| INVOKING Spit Poison.
  1499 | D:3      | Found a broken altar of Ashenzari.
  1500 | D:3      | 1500 ||| INVOKING Spit Poison.
  1547 | D:3      | 1547 ||| INVOKING Spit Poison.
  1682 | D:3      | 1682 ||| INVOKING Spit Poison.
  1699 | D:3      | 1699 ||| INVOKING Spit Poison.
  1886 | D:3      | 1886 ||| INVOKING Spit Poison.
  1889 | D:3      | 1889 ||| INVOKING Spit Poison.
  1983 | D:3      | 1983 ||| Stepping ~*~*~tactically~*~*~ (outnumbered).
  1984 | D:3      | 1984 ||| INVOKING Spit Poison.
  1990 | D:3      | 1990 ||| INVOKING Spit Poison.
  1995 | D:3      | 1995 ||| INVOKING Spit Poison.
  2001 | D:3      | 2001 ||| INVOKING Spit Poison.
  2325 | D:3      | 2325 ||| UPGRADING to +0 helmet.
  2330 | D:3      | 2330 ||| READING 2 scrolls labelled ULOERU EGIMAR.
  2379 | D:4      | Found Xaret's Distillery.
  2384 | D:4      | 2384 ||| BUYING potion of curing (39 gold).
  2384 | D:4      | Bought a potion of curing for 39 gold pieces
  2384 | D:4      | 2384 ||| BUYING potion of mutation (104 gold).
  2384 | D:4      | Bought a potion of mutation for 104 gold pieces
  2429 | D:4      | Noticed a black bear
  2430 | D:4      | 2430 ||| INVOKING Spit Poison.
  2433 | D:4      | 2433 ||| INVOKING Spit Poison.
  2435 | D:4      | Killed a black bear
  2436 | D:4      | Reached skill level 6 in Ranged Weapons
  2436 | D:4      | Reached XP level 6. HP: 45/56 MP: 6/6
  2491 | D:4      | 2491 ||| INVOKING Spit Poison.
  2494 | D:4      | 2494 ||| INVOKING Spit Poison.
  2496 | D:4      | Noticed Edmund
  2500 | D:4      | 2500 ||| INVOKING Spit Poison.
  2505 | D:4      | 2505 ||| INVOKING Spit Poison.
  2507 | D:4      | Killed Edmund
  2508 | D:4      | Reached XP level 7. HP: 46/66 MP: 7/7
  2511 | D:4      | 2511 ||| INVOKING Spit Poison.
  2516 | D:4      | 2516 ||| INVOKING Spit Poison.
  2522 | D:4      | 2522 ||| INVOKING Spit Poison.
  2526 | D:4      | 2526 ||| INVOKING Spit Poison.
  2531 | D:4      | 2531 ||| INVOKING Spit Poison.
  2742 | D:4      | Found a glowing golden altar of the Shining One.
  2902 | D:4      | 2902 ||| INVOKING Spit Poison.
  3184 | D:4      | Found an opulent altar of Gozag.
  3218 | D:4      | 3218 ||| INVOKING Spit Poison.
  3225 | D:4      | 3225 ||| INVOKING Spit Poison.
  3229 | D:4      | 3229 ||| INVOKING Spit Poison.
  3235 | D:4      | 3235 ||| INVOKING Spit Poison.
  3341 | D:4      | Found a white marble altar of Elyvilon.
  3348 | D:4      | 3348 ||| READING scroll labelled CIUC KEXIOWIM.
  3349 | D:4      | 3349 ||| DRINKING 2 sedimented black potions.
  3350 | D:4      | 3350 ||| DRINKING 2 bubbling black potions.
  3351 | D:4      | 3351 ||| DROPPING potion of brilliance.
  3375 | D:5      | Entered Level 5 of the Dungeon
  3379 | D:5      | 3379 ||| INVOKING Spit Poison.
  3535 | D:5      | 3535 ||| INVOKING Spit Poison.
  3538 | D:5      | Reached skill level 7 in Ranged Weapons
  3542 | D:5      | 3542 ||| INVOKING Spit Poison.
  3545 | D:5      | 3545 ||| INVOKING Spit Poison.
  3555 | D:5      | Found a hazy altar of Hepliaklqana.
  3603 | D:5      | 3603 ||| INVOKING Spit Poison.
  3696 | D:5      | 3696 ||| INVOKING Spit Poison.
  3702 | D:5      | 3702 ||| INVOKING Spit Poison.
  3705 | D:5      | 3705 ||| INVOKING Spit Poison.
  3707 | D:5      | Reached skill level 1 in Armour
  3708 | D:5      | 3708 ||| INVOKING Spit Poison.
  3709 | D:5      | Reached XP level 8. HP: 36/73 MP: 8/8
  3718 | D:5      | 3718 ||| INVOKING Spit Poison.
  3840 | D:5      | 3840 ||| INVOKING Spit Poison.
  3843 | D:5      | 3843 ||| INVOKING Spit Poison.
  4068 | D:5      | 4068 ||| INVOKING Spit Poison.
  4073 | D:5      | 4073 ||| INVOKING Spit Poison.
  4093 | D:5      | 4093 ||| INVOKING Spit Poison.
  4097 | D:5      | Reached skill level 8 in Ranged Weapons
  4103 | D:5      | 4103 ||| INVOKING Spit Poison.
  4108 | D:5      | Noticed Ijyb
  4111 | D:5      | Killed Ijyb
  4170 | D:5      | Found a glowing silver altar of Zin.
  4171 | D:5      | Noticed an angel
  4213 | D:5      | 4213 ||| READING scroll labelled HEAFOQ VIJOT.
  4214 | D:5      | 4214 ||| DRINKING 2 amethyst potions.
  4215 | D:5      | 4215 ||| READING 2 scrolls of identify.
  4215 | D:5      | 4215 ||| IDENTIFYING fuming blue potion
  4216 | D:5      | 4216 ||| DROPPING potion of magic.
  4234 | D:6      | 4234 ||| STAIRDANCE
  4264 | D:6      | 4264 ||| INVOKING Spit Poison.
  4270 | D:6      | 4270 ||| INVOKING Spit Poison.
  4319 | D:6      | 4319 ||| INVOKING Spit Poison.
  4415 | D:6      | Found a hide-covered altar of Uskayaw.
  4426 | D:6      | 4426 ||| INVOKING Spit Poison.
  4503 | D:6      | Noticed Grinder
  4515 | D:6      | 4515 ||| INVOKING Spit Poison.
  4516 | D:6      | Killed Grinder
  4517 | D:6      | Reached skill level 9 in Ranged Weapons
  4520 | D:6      | 4520 ||| INVOKING Spit Poison.
  4527 | D:6      | 4527 ||| INVOKING Spit Poison.
  4548 | D:6      | 4548 ||| INVOKING Spit Poison.
  4549 | D:6      | Reached skill level 6 in Fighting
  4549 | D:6      | Reached XP level 9. HP: 82/82 MP: 9/9
  4555 | D:6      | 4555 ||| INVOKING Spit Poison.
  4564 | D:6      | 4564 ||| INVOKING Spit Poison.
  4567 | D:6      | 4567 ||| INVOKING Spit Poison.
  4717 | D:6      | Found an ornate altar of the Wu Jian Council.
  4719 | D:6      | 4719 ||| INVOKING Spit Poison.
  4983 | D:6      | 4983 ||| DRINKING 2 sedimented white potions.
  4984 | D:6      | 4984 ||| DROPPING potion of degeneration.
  5021 | D:7      | 5021 ||| INVOKING Spit Poison.
  5026 | D:7      | 5026 ||| INVOKING Spit Poison.
  5049 | D:7      | 5049 ||| INVOKING Spit Poison.
  5136 | D:7      | 5136 ||| DRINKING 2 fizzy coppery potions.
  5144 | D:7      | 5144 ||| INVOKING Spit Poison.
  5149 | D:7      | 5149 ||| INVOKING Spit Poison.
  5155 | D:7      | 5155 ||| INVOKING Spit Poison.
  5158 | D:7      | 5158 ||| INVOKING Spit Poison.
  5161 | D:7      | 5161 ||| INVOKING Spit Poison.
  5165 | D:7      | 5165 ||| INVOKING Spit Poison.
  5167 | D:7      | HP: 13/82 [gnoll/+0 halberd[a gnoll sergeant] (10)]
  5168 | D:7      | 5168 ||| READING 2 scrolls of teleportation.
  5168 | D:7      | HP: 1/82 [gnoll/+0 halberd[a gnoll sergeant] (12)]
  5168 | D:7      | Slain by an orc priest

Levels and vault maps discovered:
D:1:      lightli_arrival_statue_moat, layout_loops_corners
D:2:      layout_rooms, hellmonk_ecumenical_altar_crossroads,
          hangedman_decor_points, lightli_corner_chamber, uniq_jessica,
          uniq_terence
D:3:      layout_basic, mainiacjoe_overflow_24_doors, hex_intersection,
          kennysheep_orc_chapel
D:4:      nicolae_cairo_tiling, layout_cave_pools, tso_oasis_becter,
          nicolae_gozag_cash_rules_everything_around_me,
          nicolae_elyvilon_temple_path, serial_shops, shop,
          minmay_misc_feat_nine_boxes, minmay_goblin_kobold_house, uniq_edmund
D:5:      layout_cave_pods, zin_angel, nicolae_overflow_crystal_walls, uniq_ijyb
D:6:      layout_basic, mainiacjoe_overflow_cross_hatched,
          pdpol_wu_jian_five_deadly_venoms, uniq_grinder
D:7:      layout_basic, grunt_qazlal_clouds,
          chequers_temple_overflow_minitemple, minmay_temple_entry_sparse_star,
          serial_bayou_lagoon_a

Skill      XL: |  1  2  3  4  5  6  7  8 |
---------------+-------------------------+-----
Ranged Weapons | 4 5 6 7 9 |  9.6
Fighting       | 3 4 6 |  6.1
Dodging        | 2 |  2.2
Armour         | 1 |  1.5
Stealth        | |  1.5

Action                     |  1- 3 |  4- 6 |  7- 9 || total
---------------------------+-------+-------+-------++-------
   Fire: Shortbow          |    16 |       |       ||    16
         Orcbow            |    18 |    70 |   170 ||   258
Ability: Spit Poison       |    14 |    31 |    47 ||    92
    Use: Scroll            |     1 |     2 |     4 ||     7
         Potion            |     1 |       |     5 ||     6
 Armour: Leather armour    |     5 |    37 |    54 ||    96
         Skin              |       |       |    13 ||    13
  Dodge: Dodged            |     9 |    31 |    81 ||   121

Table legend:
 A = Non-vault XP
 B = Vault XP
 C = Vault XP percentage of total XP
 D = Non-vault monster count
 E = Vault monster count
 F = Vault count percentage of total count
                 A         B        C        D         E       F
            +---------+---------+-------+---------+---------+-------
      Total |    2158 |     656 |  23.3 |      98 |      16 |  14.0
            +---------+---------+-------+---------+---------+-------
        D:1 |      15 |       0 |   0.0 |      10 |       0 |   0.0
        D:2 |      84 |      73 |  46.5 |      23 |       2 |   8.0
        D:3 |      16 |     121 |  88.3 |      10 |       5 |  33.3
        D:4 |     301 |     154 |  33.8 |      14 |       7 |  33.3
        D:5 |     649 |      36 |   5.3 |      18 |       1 |   5.3
        D:6 |     718 |     272 |  27.5 |      13 |       1 |   7.1
        D:7 |     375 |       0 |   0.0 |      10 |       0 |   0.0
            +---------+---------+-------+---------+---------+-------
